 Dungeon Crawl Stone Soup version 0.24-a0-537-g2d01d4a (webtiles) character file.

Game seed: 16915744218147303873

118 robbits the Ducker (level 4, -7/22 HPs)
             Began as a Felid Monk on Aug 13, 2019.
             Splashed by a gnoll's acid (8 damage)
             ... on level 4 of the Dungeon.
             The game lasted 00:03:05 (2842 turns).

robbits the Ducker (Felid Monk)                     Turns: 2842, Time: 00:03:06

Health: -7/22      AC: -3    Str:  7    XL:     4   Next: 72%
Magic:  5/5        EV: 21    Int: 12    God:
Gold:   238        SH:  0    Dex: 18    Spells: 3/3 levels left
                                        Lives:  0   Deaths: 1

rFire    . . .     SeeInvis +     - Unarmed
rCold    . . .     Gourm    .   (shield unavailable)
rNeg     . . .     Faith    .   (armour unavailable)
rPois    .         Spirit   .   (helmet unavailable)
rElec    .         Reflect  .   (cloak unavailable)
rCorr    .         Harm     .   (gloves unavailable)
MR       .....                  (boots unavailable)
Stlth    +++.......             (no amulet)
HPRegen  0.07/turn              (no ring)
MPRegen  0.09/turn              (no ring)

@: corroded, quick
A: very small, no armour, no weapons or thrown items, stealth, claws 1, fangs 3,
see invisible, carnivore, speed 1, shaggy fur 1, slow metabolism 1, sharp paws
a: no special abilities


You were on level 4 of the Dungeon.
You were very full.

You visited 1 branch of the dungeon, and saw 4 of its levels.

You collected 238 gold pieces.

Inventory:

Scrolls
 b - a scroll of enchant weapon {unknown}
 e - a scroll of remove curse {unknown}
 g - a scroll of identify
 h - a scroll of amnesia {unknown}
Potions
 c - 2 potions of cancellation
 f - a potion of mutation {unknown}
Comestibles
 a - 3 rations


   Skills:
 + Level 3.7 Fighting
 + Level 5.0 Dodging
 + Level 4.2 Stealth
 * Level 4.4 Unarmed Combat


You had 3 spell levels left.
You didn't know any spells.
Your spell library was empty.

Dungeon Overview and Level Annotations

Branches:
Dungeon (4/15)
 Temple: D:4-7

Altars:
Kikubaaqudgha


Innate Abilities, Weirdness & Mutations

You cannot wear armour.
You are incapable of wielding weapons or throwing items.
Your paws allow you to move quietly. (Stealth)
You have sharp claws.
You have razor-sharp teeth.
You have supernaturally acute eyesight. (SInv)
You are carnivorous and can eat meat at any time.
You cover ground quickly.
You are covered in fur. (AC +1)
You have a slow metabolism.
Your sharp claws are effective at attacking unaware monsters.


Message History

The gnoll moves out of view.
An ogre comes into view. It is wielding a +0 giant club.
The leopard gecko hisses angrily.
The gnoll shouts!
You hear a shout!
The ogre shouts!
There are monsters nearby!
A gnoll comes into view. It is wielding a +0 club.
A gnoll comes into view. It is wielding a +0 spear.
The gnoll shouts!
You claw the leopard gecko!
You kill the leopard gecko!
You aren't carrying any items that you can evoke.
Okay, then.
As you read the scroll labeled TOSENI LOVA, it crumbles to dust.
It is a scroll of identify.
c - 2 potions of cancellation The gnoll zaps a wand.
The bolt of acid hits you!!
Ouch! That really hurt!
* * * LOW HITPOINT WARNING * * *
The acid corrodes you!
You are splashed with acid!
You die...

....#.####...........
..#.# ..##>......#
###.# #.##.......# .
# #.# #.##......## ..
# #.###....#...## ...
# #.....####..## ....
###.#...# #..# .....
....###..#
#..#####g.gg.. #####
#>..##..#.@.gO.# #
##......#.###.## ##
#........# # .###
#......###
...####......##
........##....
...#....####..
..###.....##.
.####.###..#.


You could see an ogre and 4 gnolls.

Vanquished Creatures
  A scorpion (D:4)
  3 adders
  A worm (D:2)
  A dart slug (D:2)
  3 leopard geckos
  4 orcs
  A ball python (D:1)
  5 bats
  2 giant cockroaches
  4 hobgoblins
  4 jackals (D:3)
  3 quokkas
  4 frilled lizards
  15 goblins
  A jackal skeleton (D:4)
  7 kobolds
  8 rats
67 creatures vanquished.

Notes
Turn   | Place    | Note
-------+----------+-------------------------------------------
     0 | D:1      | robbits the Felid Monk began the quest for the Orb.
     0 | D:1      | Reached XP level 1. HP: 10/10 MP: 2/2
   144 | D:1      | Reached XP level 2. HP: 14/14 MP: 3/3
   750 | D:2      | Reached XP level 3. HP: 17/17 MP: 4/4
  1952 | D:3      | You fall into a shaft and drop 1 floor!
  2098 | D:3      | Reached XP level 4. HP: 13/21 MP: 5/5
  2120 | D:3      | HP: 1/21 [poisoned by an adder]
  2121 | D:3      | Slain by an adder
  2122 | D:3      | Reached XP level 3. HP: -1/17 MP: 4/4
  2155 | D:3      | Found an ancient bone altar of Kikubaaqudgha.
  2689 | D:4      | Noticed a scorpion
  2702 | D:4      | Killed a scorpion
  2702 | D:4      | Reached skill level 5 in Dodging
  2702 | D:4      | Reached XP level 4. HP: 18/22 MP: 5/5
  2838 | D:4      | Noticed an ogre
  2842 | D:4      | HP: 1/22 [gnoll/bolt of acid (21)]
  2842 | D:4      | Splashed by a gnoll's acid

Levels and vault maps discovered:
D:1:      dpeg_arrival_subterranean_lakeside_camping, layout_basic,
          chequers_jeans
D:2:      layout_basic, chequers_serial_rivers_small_b
D:3:      layout_basic, kiku_gazebo_garden_becter, kennysheep_boxes
D:4:      layout_rooms, first_ration

Skill      XL: |  1  2  3 |
---------------+----------+-----
Stealth        | 3 4 |  4.2
Unarmed Combat | 4 |  4.4
Dodging        | 5 |  5.0
Fighting       | |  3.7

Action                   |  1- 3 |  4- 6 || total
-------------------------+-------+-------++-------
Melee: Unarmed           |   171 |    25 ||   196
       Bite              |    15 |     3 ||    18
       Punch             |     2 |       ||     2
  Use: Scroll            |     4 |     1 ||     5
       Potion            |     1 |     1 ||     2
 Stab: Sleeping          |    15 |     2 ||    17
  Eat: Chunk             |    14 |       ||    14
Armor: Skin              |     1 |     1 ||     2
Dodge: Dodged            |   127 |    16 ||   143

Table legend:
 A = Non-vault XP
 B = Vault XP
 C = Vault XP percentage of total XP
 D = Non-vault monster count
 E = Vault monster count
 F = Vault count percentage of total count
                 A         B        C        D         E       F
            +---------+---------+-------+---------+---------+-------
      Total |     220 |       7 |   3.1 |      61 |       6 |   9.0
            +---------+---------+-------+---------+---------+-------
        D:1 |      19 |       7 |  26.9 |      12 |       6 |  33.3
        D:2 |      44 |       0 |   0.0 |      17 |       0 |   0.0
        D:3 |      67 |       0 |   0.0 |      25 |       0 |   0.0
        D:4 |      90 |       0 |   0.0 |       7 |       0 |   0.0
            +---------+---------+-------+---------+---------+-------
